 Dungeon Crawl Stone Soup version 0.16.2-12-gd0ad4c3 (webtiles) character file.

1236 faibistes the Thaumaturge (level 8, 0/46 HPs)
             Began as a Deep Elf Wizard on Feb 1, 2019.
             Slain by an ogre
             ... wielding a +0 giant spiked club
              (21 damage)
             ... on level 6 of the Dungeon.
             The game lasted 00:19:58 (8097 turns).

faibistes the Thaumaturge (Deep Elf Wizard)         Turns: 8097, Time: 00:19:58

Health: 0/46       AC:  6    Str:  4    XL:     8   Next: 24%
Magic:  13/28      EV: 15    Int: 23    God:
Gold:   222        SH:  0    Dex: 13    Spells: 6 memorised, 12 levels left

rFire  . . .     SeeInvis +     h - +1 dagger
rCold  . . .     Clarity  +     a - +0 robe
rNeg   . . .     SustAb   .     (no shield)
rPois  .         Gourm    .     D - +1 hat
rElec  .         Spirit   .     q - +1 cloak
rCorr  .         Warding  .     (no gloves)
rMut   .         Stasis   .     t - +0 pair of boots
MR     .....                    z - amulet of clarity
Stlth  ++........               y - ring of see invisible
                                C - -3 ring of intelligence (curse)

@: very slightly contaminated, repel missiles, not resistant to hostile
enchantments, unstealthy
A: no striking features
a: no special abilities


You were on level 6 of the Dungeon.
You were not hungry.

You visited 2 branches of the dungeon, and saw 8 of its levels.

You collected 222 gold pieces.

Inventory:

Hand weapons
 h - a +1 dagger (weapon)
Armour
 a - a +0 robe (worn)
 b - a +0 hat
 q - a +1 cloak (worn)
 t - a +0 pair of boots (worn)
 D - a +1 hat (worn)
Jewellery
 v - an uncursed amulet of resist corrosion
 y - a ring of see invisible (right hand)
 z - an amulet of clarity (around neck)
 A - an uncursed ring of sustain abilities
 C - a cursed -3 ring of intelligence (left hand)
Magical devices
 w - a wand of confusion (27)
Scrolls
 e - 4 scrolls of immolation
 g - a scroll of magic mapping
 i - 2 scrolls of enchant armour
 j - a scroll of enchant weapon
 n - 3 scrolls of fog
 o - a scroll of recharging
 p - 2 scrolls of teleportation
 r - a scroll of blinking
 B - a scroll of amnesia
Potions
 f - a potion of flight
 k - 2 potions of haste
 m - a potion of magic
 s - a potion of curing
 u - a potion of lignification {unknown}
Books
 c - a book of Minor Magic

   Spells                             Type                      Level
   a - Magic Dart                     Conjuration                  1
   b - Blink                          Translocation                2
   c - Call Imp                       Summoning                    2
   d - Repel Missiles                 Charms/Air                   2
   e - Slow                           Hexes                        2
   f - Conjure Flame                  Conjuration/Fire             3
   g - Mephitic Cloud                 Conjuration/Poison/Air       3
 l - a book of the Sky

   Spells                             Type                      Level
   a - Flight                         Charms/Air                   3
   b - Airstrike                      Air                          4
   c - Silence                        Hexes/Air                    5
   d - Deflect Missiles               Charms/Air                   6
   e - Conjure Ball Lightning         Conjuration/Air              6
   f - Tornado                        Air                          9
Comestibles
 d - 4 bread rations
 x - 3 meat rations
 E - 9 chunks of flesh


   Skills:
 * Level 3.1 Fighting
 + Level 5.7 Dodging
 - Level 2.4 Stealth
 * Level 9.3 Spellcasting
 - Level 4.4 Conjurations
 - Level 1.1 Summonings
 - Level 2.5 Translocations


You had 12 spell levels left.
You knew the following spells:

 Your Spells              Type           Power        Failure   Level  Hunger
a - Magic Dart            Conj           ####         1%          1    None
b - Conjure Flame         Conj/Fire      ###.....     10%         3    None
c - Call Imp              Summ           ###.....     10%         2    None
d - Blink                 Tloc           N/A          3%          2    None
e - Mephitic Cloud        Conj/Pois/Air  ###.....     12%         3    None
f - Repel Missiles        Chrm/Air       ##....       12%         2    None


Dungeon Overview and Level Annotations

Branches:
Dungeon (7/15)             Temple (1/1) D:4

Altars:
Ashenzari
Cheibriados
Elyvilon
Fedhas
Gozag
Kikubaaqudgha
Okawaru
Qazlal
Trog
Vehumet
Yredelemnul
Zin
The Shining One


Message History

The orc warrior appears confused.
You hit the orc warrior but do no damage.
The orc warrior is moderately wounded.
You are engulfed in noxious fumes.
You choke on the stench!
You feel momentarily confused.
A giant cockroach comes into view.
Casting: Mephitic Cloud
Confirm with . or Enter, or press ? or * to list all spells.
Aiming: Magic Dart
Press: ? - help, Shift-Dir - straight line, f/p - orc warrior
Aim: an orc warrior, wielding a battleaxe and wearing a chain mail (moderately wounded, bewildered and confused)
The magic dart hits the orc warrior.
The orc warrior is moderately wounded.
You are engulfed in noxious fumes.
You choke on the stench!
You feel momentarily confused.
The orc warrior barely misses the giant cockroach.
An ogre comes into view. It is wielding a giant spiked club.
The hound barely misses you.
The ogre hits you with a giant spiked club!!
You die...

#.# #...+ #.#
#..# #. +.. ##..#
.. #.# #<..##
.##.# +....+ ...#
# ##..##
..##.##.##.##..#
#hO..........รท.#
##.##@#
##.##.[......
#...s># #.###.##.
#...o.....+ #. .#
##.#####.## # .#
#' # .. ( .# # .#
.


You could see an orc warrior (confused), an ogre, a hound and a giant cockroach.

Vanquished Creatures
  Eustachio (D:3)
  An orc warrior (D:5)
  A sky beast (D:5)
  Duvessa (D:4)
  Blork the orc (D:4)
  A scorpion (D:5)
  Dowan (D:4)
  2 crimson imps (D:5)
  A jelly (D:5)
  A gnoll shaman (D:4)
  3 orc priests (D:5)
  A giant frog skeleton (D:4)
  An iguana (D:5)
  5 orc wizards
  A worker ant (D:4)
  Ijyb (D:4)
  A hound skeleton (D:4)
  6 gnolls
  5 adders
  A worm (D:1)
  2 adder skeletons
  A giant gecko (D:2)
  An ooze (D:2)
  26 orcs
  A bat skeleton (D:4)
  A bat zombie (D:5)
  5 giant cockroaches
  7 hobgoblins
  3 jackals (D:2)
  12 kobolds
  4 quokkas
  A ball python (D:3)
  3 bats
  A giant gecko skeleton (D:4)
  6 giant newts
  8 goblins
  A quokka skeleton (D:4)
  7 rats
126 creatures vanquished.

Vanquished Creatures (collateral kills)
  2 gnolls (D:2)
  2 adders (D:2)
  A worm (D:2)
  A giant gecko (D:2)
  3 orcs (D:3)
9 creatures vanquished.

Vanquished Creatures (others)
  A shadow imp (D:2)
  A giant cockroach (D:2)
2 creatures vanquished.

Grand Total: 137 creatures vanquished

Notes
Turn   | Place    | Note
--------------------------------------------------------------
     0 | D:1      | faibistes, the Deep Elf Wizard, began the quest for the Orb.
     0 | D:1      | Reached XP level 1. HP: 10/10 MP: 6/6
   201 | D:1      | You fall through a shaft!
   345 | D:2      | Reached XP level 2. HP: 6/15 MP: 0/10
   353 | D:2      | Learned a level 2 spell: Blink
   356 | D:2      | Learned a level 2 spell: Call Imp
   852 | D:1      | Reached skill level 5 in Spellcasting
  1113 | D:1      | Reached XP level 3. HP: 19/19 MP: 5/14
  1118 | D:1      | Learned a level 3 spell: Conjure Flame
  1122 | D:1      | Learned a level 3 spell: Mephitic Cloud
  1923 | D:2      | Found a glowing golden altar of the Shining One.
  2129 | D:2      | Reached XP level 4. HP: 15/24 MP: 13/17
  2511 | D:3      | Learned a level 2 spell: Repel Missiles
  2603 | D:3      | Found a shattered altar of Ashenzari.
  3840 | D:4      | Noticed Eustachio
  4513 | D:3      | Killed Eustachio
  4513 | D:3      | Reached skill level 6 in Spellcasting
  4513 | D:3      | Reached XP level 5. HP: 28/28 MP: 3/21
  4513 | D:3      | Reached XP level 6. HP: 32/32 MP: 3/22
  4700 | D:5      | Entered Level 5 of the Dungeon
  4958 | D:5      | Reached skill level 7 in Spellcasting
  5304 | D:4      | Found a staircase to the Ecumenical Temple.
  5309 | Temple   | Entered the Ecumenical Temple
  5714 | D:4      | Noticed Ijyb
  5719 | D:4      | Reached XP level 7. HP: 29/37 MP: 16/25
  5734 | D:4      | Killed Ijyb
  5875 | D:4      | Found a bloodstained altar of Trog.
  5997 | D:4      | Reached skill level 1 in Fighting
  6128 | D:4      | Found an iron altar of Okawaru.
  6182 | D:4      | Noticed Blork the orc
  6197 | D:4      | Killed Blork the orc
  6201 | D:4      | Noticed Duvessa
  6229 | D:4      | Killed Duvessa
  6229 | D:4      | Reached skill level 8 in Spellcasting
  6248 | D:4      | Noticed Dowan
  6309 | D:4      | Killed Dowan
  6596 | D:4      | Reached skill level 5 in Dodging
  7188 | D:5      | Found a glowing silver altar of Zin.
  7222 | D:5      | Reached XP level 8. HP: 45/45 MP: 15/28
  7540 | D:5      | Reached skill level 9 in Spellcasting
  8097 | D:6      | Slain by an ogre

Action                   |  1- 3 |  4- 6 |  7- 9 || total
-------------------------+-------+-------+-------++-------
Melee: Dagger            |     5 |     6 |    16 ||    27
 Cast: Magic Dart        |    66 |   150 |   160 ||   376
       Call Imp          |     8 |    10 |       ||    18
       Blink             |     4 |     6 |       ||    10
       Mephitic Cloud    |     1 |    21 |    31 ||    53
       Repel Missiles    |       |     2 |     2 ||     4
       Conjure Flame     |       |     3 |    10 ||    13
  Use: Scroll            |     8 |     6 |     2 ||    16
 Stab: Confused          |       |     1 |     1 ||     2
  Eat: Chunk             |     3 |    11 |     5 ||    19
       Bread ration      |       |       |     1 ||     1
